Map: Canyon of Tribulation

Players

MattBarry

  • Race: Zerg Zerg
  • Spawn Location: 6:00

MattBarry

  • Race: Terran Terran
  • Spawn Location: 7:00

MattBarry

  • Race: Zerg Zerg
  • Spawn Location: 6:00

hydrage

  • Race: Protoss Protoss
  • Spawn Location: 3:00

Abstract

  • Race: Protoss Protoss
  • Spawn Location: 12:00

Worrick

  • Race: Zerg Zerg
  • Spawn Location: 12:00

VOD

Have the link to the VOD?

Description

Time

  • Played on: Dec. 22, 2022, 11:24 p.m.
  • Length: 11:37
Show
View Real Time Build Order
Export as new Build Order

MattBarry Zerg 

Build Orders: Pool First 

Get SALT Encoding   

  12  0:00  Drone  
  13  0:12  Overlord  
  13  0:18  Drone  
  14  0:33  Drone x2  
  16  0:36  Drone  
  17  0:48  Spawning Pool  
  17  0:49  Drone  
  17  0:56  Drone  
  18  0:59  Extractor  
  17  1:28  Hatchery  
  16  1:40  Drone  
  16  1:41  Drone  
  16  1:42  Drone  
  16  1:46  Queen  
  21  1:51  Overlord  
  21  2:06  Drone  
  22  2:13  Zergling x2  
  23  2:25  Queen  
  25  2:30  Overlord  
  25  2:36  Drone  
  26  2:38  Roach Warren  
  26  2:40  Queen  
  26  2:41  Drone  
  28  2:44  Metabolic Boost  
  28  2:56  Drone x3  
  28  2:57  Drone  
  32  2:59  Drone  
  33  3:14  Drone x4  
  37  3:24  Drone x2  
  39  3:28  Extractor  
  38  3:40  Overlord x2  
  38  3:41  Drone  
  38  3:42  Drone x2  
  41  3:50  Drone x3  
  41  3:51  Overlord  
  44  3:58  Pneumatized Carapace  
  44  4:00  Drone, Overlord  
  45  4:07  Drone  
  46  4:23  Extractor  
  45  4:25  Roach x6  
  45  4:26  Roach  
  45  4:31  Drone x2  
  61  4:32  Evolution Chamber  
  61  4:33  Evolution Chamber  
  61  4:34  Extractor  
  61  4:38  Roach  
  60  4:47  Roach x3  
  60  4:48  Roach  
  68  4:53  Overlord x2  
  68  5:02  Overlord  
  68  5:09  Overlord x2  
  68  5:16  Overlord  
  68  5:25  Overlord  
  68  5:26  Roach x5  
  78  5:30  Zerg Missile Weapons Level 1  
  78  5:37  Drone x2  
  78  5:42  Zergling x2  
  81  5:46  Zergling x2  
  81  5:47  Zergling x2  
  83  5:50  Zerg Ground Armor Level 1  
  83  5:54  Zergling x4  
  85  6:02  Drone x2  
  87  6:09  Lair  
  87  6:10  Zergling x4  
  89  6:13  Zergling x6  
  92  6:40  Roach x4  
  92  6:41  Roach  
  92  6:44  Spore Crawler  
  101  6:47  Spore Crawler  
  100  7:05  Glial Reconstitution  
  100  7:08  Roach x6  
  110  7:09  Roach  
  110  7:14  Overlord x2  
  114  7:20  Roach x4  
  122  7:26  Drone  
  115  7:54  Drone x3  
  115  7:55  Spire  
  103  8:09  Zergling x16  
  96  8:19  Drone  
  56  8:41  Overseer  
  56  8:51  Zergling x2  
  56  8:52  Zergling x20  
  67  9:06  Corruptor x3  
  67  9:07  Corruptor  
  75  9:11  Queen x2  
  79  9:20  Zerg Missile Weapons Level 2  
  79  9:24  Corruptor x2  
  79  9:25  Corruptor x3  
  89  9:33  Corruptor x2  
  93  9:55  Roach x5  
  101  10:09  Corruptor, Overlord  
  101  10:10  Overlord  
  99  10:19  Corruptor  
  99  10:20  Corruptor  
  89  10:28  Corruptor  
  89  10:56  Corruptor x3, Hatchery  
Show
View Real Time Build Order
Export as new Build Order

MattBarry Terran 

Build Orders: 2 Factory, Mech 

Get SALT Encoding   

  12  0:00  SCV  
  13  0:12  SCV  
  14  0:18  Supply Depot  
  14  0:25  SCV  
  15  0:40  SCV  
  15  0:41  Barracks  
  16  0:46  Refinery  
  16  0:52  SCV  
  17  1:04  SCV  
  18  1:16  SCV  
  19  1:29  Orbital Command  
  19  1:30  Marine  
  19  1:32  Supply Depot  
  20  1:55  SCV, Command Center  
  20  1:57  Marine  
  22  2:06  Factory  
  22  2:10  SCV  
  23  2:16  Barracks Reactor  
  23  2:23  SCV  
  23  2:26  Refinery  
  24  2:35  SCV  
  25  2:41  Supply Depot  
  25  2:47  SCV  
  26  2:57  Factory  
  26  2:59  Hellion x2  
  26  3:01  Barracks Tech Lab, SCV  
  31  3:10  Orbital Command  
  31  3:13  SCV  
  32  3:23  Hellion x2  
  36  3:31  SCV  
  37  3:36  SCV  
  38  3:43  SCV  
  38  3:44  Widow Mine x2  
  43  3:51  Armory  
  43  3:54  Engineering Bay  
  43  3:55  SCV x2  
  45  3:59  Supply Depot  
  45  4:03  Siege Tank  
  45  4:07  Supply Depot  
  48  4:16  SCV x2  
  50  4:21  Supply Depot  
  50  4:26  Factory  
  50  4:37  SCV x2  
  52  4:39  Hellion x2, Siege Tank  
  59  4:49  SCV x2  
  59  4:52  Starport  
  61  5:04  SCV x2  
  59  5:12  Siege Tank  
  59  5:13  Hellion x2  
  66  5:16  SCV x2  
  68  5:38  Command Center  
  68  5:47  Supply Depot  
  68  5:48  Supply Depot  
  68  5:49  SCV x2  
  70  5:52  Starport Reactor  
  70  5:54  Factory Tech Lab  
  70  6:01  SCV x2  
  72  6:10  Refinery  
  72  6:12  Refinery  
  72  6:13  SCV x2  
  73  6:22  Thor  
  73  6:25  SCV x2  
  76  6:29  Viking x2  
  59  6:50  Orbital Command  
  57  7:23  Thor  
  61  8:28  Command Center  
  61  8:38  Engineering Bay  
  67  8:44  Viking  
  49  9:11  Viking  
  49  9:14  Viking  
  31  9:53  Viking x2  
  35  10:04  Factory  
  35  10:05  Factory  
  31  10:21  Command Center  
  31  10:23  Command Center  
  31  10:31  Supply Depot  
  31  10:32  Supply Depot  
  31  10:33  Supply Depot  
  31  10:48  Armory  
  31  10:51  Factory Tech Lab x2  
  31  10:52  Viking x2  
Show
View Real Time Build Order
Export as new Build Order

MattBarry Zerg 

Build Orders: Hatch First 

Get SALT Encoding   

  12  0:00  Drone  
  13  0:12  Overlord  
  13  0:18  Drone  
  14  0:31  Drone  
  14  0:33  Drone  
  16  0:53  Hatchery  
  15  0:57  Drone  
  15  1:00  Drone  
  15  1:01  Drone  
  18  1:05  Extractor  
  17  1:29  Spawning Pool  
  16  1:38  Drone x3  
  19  1:49  Overlord  
  19  2:13  Drone  
  19  2:14  Drone  
  21  2:16  Queen  
  21  2:19  Queen  
  25  2:48  Metabolic Boost  
  25  2:51  Zergling x2  
  25  2:52  Zergling x4, Queen  
  25  2:57  Extractor  
  29  3:25  Drone x4  
  29  3:26  Overlord  
  33  3:27  Drone  
  34  3:58  Spore Crawler, Spine Crawler  
  34  4:01  Spore Crawler  
  31  4:37  Hatchery  
  30  4:44  Evolution Chamber  
  29  4:46  Lair  
  29  4:48  Evolution Chamber  
  28  4:56  Roach Warren  
  28  4:57  Drone x2  
  28  4:58  Drone x3  
  32  5:00  Drone x2  
  34  5:14  Zerg Missile Weapons Level 1  
  34  5:16  Zerg Ground Armor Level 1  
  34  5:29  Drone x3  
  34  5:30  Extractor, Drone  
  34  5:31  Drone x5  
  42  5:56  Drone x3  
  45  6:00  Drone x4  
  45  6:04  Glial Reconstitution  
  49  6:11  Infestation Pit  
  48  6:24  Hatchery  
  47  6:34  Queen  
  49  6:51  Spore Crawler, Queen  
  49  6:53  Overlord  
  50  6:54  Overlord  
  50  6:58  Spore Crawler  
  49  7:07  Extractor, Spine Crawler  
  47  7:10  Extractor  
  46  7:22  Zerg Missile Weapons Level 2  
  46  7:25  Zerg Ground Armor Level 2  
  46  7:27  Queen  
  48  7:35  Hydralisk Den  
  47  7:39  Overseer, Hydralisk Den  
  46  7:44  Hive  
  46  7:51  Drone  
  46  7:52  Drone x4  
  46  7:53  Drone x3  
  46  7:54  Drone x5  
  46  7:55  Overlord x2  
  46  7:56  Drone  
  46  7:57  Drone x6  
  46  7:58  Drone  
  65  9:02  Hydralisk  
  65  9:03  Hydralisk x8  
  65  9:04  Hydralisk  
  85  9:12  Overlord  
  85  9:13  Overlord  
  85  9:17  Overlord  
  85  9:33  Hydralisk  
  85  9:34  Hydralisk  
  88  9:54  Grooved Spines  
  88  10:14  Extractor  
  87  10:24  Hydralisk x5  
  97  10:38  Overlord x3  
  97  10:39  Overlord x4  
  88  10:59  Hydralisk  
  88  11:00  Hydralisk x9  
Show
View Real Time Build Order
Export as new Build Order

hydrage Protoss 

Build Orders:  

Get SALT Encoding   

  12  2:02  Probe (Chrono Boost)  
  13  2:13  Probe (Chrono Boost)  
  14  2:17  Pylon  
  14  2:18  Probe (Chrono Boost)  
  14  2:21  Assimilator  
  15  2:30  Nexus  
  15  2:37  Probe (Chrono Boost)  
  15  2:38  Nexus  
  16  2:47  Probe (Chrono Boost)  
  16  2:49  Gateway  
  17  2:52  Probe (Chrono Boost)  
  17  2:56  Pylon  
  18  3:03  Forge  
  19  3:05  Probe (Chrono Boost)  
  19  3:14  Probe (Chrono Boost)  
  19  3:19  Pylon  
  20  3:20  Probe  
  21  3:29  Pylon  
  21  3:43  Pylon  
  21  3:46  Probe (Chrono Boost)  
  22  3:49  Pylon  
  22  3:52  Probe (Chrono Boost)  
  25  3:55  Probe (Chrono Boost)  
  25  3:56  Probe (Chrono Boost)  
  25  4:00  Probe (Chrono Boost)  
  28  4:04  Cybernetics Core, Probe (Chrono Boost)  
  28  4:05  Probe (Chrono Boost)  
  28  4:06  Pylon  
  28  4:07  Probe (Chrono Boost)  
  28  4:09  Probe (Chrono Boost)  
  29  4:16  Assimilator  
  30  4:19  Probe  
  31  4:27  Gateway  
  31  4:31  Probe  
  32  4:43  Probe  
  33  4:51  Photon Cannon  
  33  4:57  Stalker  
  35  5:05  Gateway  
  35  5:09  Gateway  
  35  5:15  Gateway  
  35  5:19  Photon Cannon  
  35  5:23  Photon Cannon  
  35  5:32  Photon Cannon  
  35  5:36  Photon Cannon  
  35  5:38  Pylon  
  35  5:39  Assimilator  
  35  5:43  Assimilator, Probe (Chrono Boost)  
  35  5:45  Probe x2 (Chrono Boost)  
  38  5:55  Assimilator, Probe x3 (Chrono Boost)  
  41  5:59  Probe x2 (Chrono Boost)  
  41  6:00  Probe (Chrono Boost)  
  41  6:03  Warp Gate  
  44  6:12  Protoss Ground Weapons Level 1  
  44  6:28  Stargate  
  44  6:29  Twilight Council  
  44  6:36  Probe (Chrono Boost)  
  44  6:38  Assimilator  
  45  6:46  Probe (Chrono Boost)  
  48  6:47  Probe (Chrono Boost)  
  48  6:49  Probe (Chrono Boost)  
  48  6:52  Probe x2 (Chrono Boost)  
  50  6:57  Probe  
  51  7:04  Probe  
  52  7:09  Probe  
  52  7:11  Forge  
  53  7:18  Dark Shrine  
  57  7:23  Void Ray  
  57  7:25  Blink  
  57  7:46  Photon Cannon  
  57  8:01  Gateway  
  57  8:05  Adept x2  
  57  8:06  Adept x3  
  67  8:26  Stalker x2  
  69  8:27  Stalker x2  
  69  8:28  Stalker  
  75  9:20  Stalker x2  
  75  9:21  Stalker x3  
  75  9:22  Stalker  
  86  9:30  Pylon  
  86  10:05  Stalker x2  
  86  10:06  Stalker x3  
  96  10:07  Stalker  
  98  10:44  Pylon  
  98  10:54  Robotics Facility  
  98  10:59  Robotics Facility  
  98  11:01  Robotics Facility  
Show
View Real Time Build Order
Export as new Build Order

Abstract Protoss 

Build Orders:  

Get SALT Encoding   

  12  0:00  Probe  
  13  0:17  Pylon  
  13  0:20  Probe  
  14  0:32  Probe  
  15  0:37  Gateway  
  15  0:45  Pylon  
  15  0:48  Probe  
  16  0:56  Pylon  
  16  1:01  Probe  
  17  1:15  Gateway  
  17  1:18  Probe  
  18  1:26  Forge  
  18  1:35  Cybernetics Core  
  18  1:41  Assimilator  
  18  1:42  Probe  
  19  2:02  Photon Cannon  
  19  2:12  Assimilator  
  19  2:22  Pylon  
  19  2:24  Probe  
  19  2:27  Warp Gate (Chrono Boost)  
  20  2:36  Pylon, Probe  
  21  2:45  Photon Cannon  
  21  2:49  Probe  
  21  2:50  Stalker  
  24  2:58  Stalker  
  26  3:01  Probe  
  27  3:33  Nexus  
  27  3:39  Robotics Facility  
  27  3:49  Probe  
  28  3:57  Twilight Council  
  28  4:05  Protoss Ground Weapons Level 1 (Chrono Boost), Stalker  
  30  4:20  Stalker  
  32  4:31  Stalker  
  34  5:11  Charge (Chrono Boost)  
  34  5:16  Probe x2  
  38  5:28  Probe x2  
  40  5:30  Gateway  
  40  5:31  Gateway  
  40  5:37  Observer (Chrono Boost)  
  40  5:38  Gateway  
  40  5:40  Probe (Chrono Boost)  
  40  5:41  Probe (Chrono Boost)  
  41  5:47  Warp Prism (Chrono Boost)  
  41  5:52  Probe (Chrono Boost)  
  45  5:58  Probe (Chrono Boost)  
  45  6:00  Probe (Chrono Boost)  
  46  6:05  Probe (Chrono Boost)  
  46  6:07  Protoss Ground Armor Level 1  
  47  6:16  Probe  
  48  6:31  Stalker x2  
  52  6:37  Stalker x3  
  58  6:41  Blink (Chrono Boost)  
  58  6:58  Stalker  
  58  6:59  Stalker  
  62  7:08  Zealot x3  
  68  7:15  Dark Shrine  
  68  7:27  Pylon  
  68  7:29  Pylon  
  68  7:35  Assimilator  
  68  7:39  Assimilator  
  68  7:41  Pylon  
  68  7:44  Pylon  
  68  7:46  Zealot  
  68  7:51  Zealot  
  70  8:06  Zealot  
  70  8:07  Zealot x2  
  70  8:08  Zealot  
  58  8:34  Dark Templar x3  
  50  9:06  Stalker x2  
  50  9:07  Stalker x2  
  50  9:08  Stalker  
  60  9:26  Probe (Chrono Boost)  
  62  9:31  Probe (Chrono Boost)  
  62  9:36  Probe (Chrono Boost)  
  63  9:40  Probe (Chrono Boost)  
  63  9:41  Probe (Chrono Boost)  
  65  9:50  Probe  
  66  9:54  Robotics Bay  
  66  10:00  Robotics Facility  
  66  10:02  Probe  
  67  10:16  Stalker x3  
  67  10:17  Stalker x2, Nexus  
  67  10:19  Pylon  
  77  10:22  Pylon  
  77  10:30  Pylon  
  77  10:50  Shield Battery  
  77  10:51  Shield Battery  
  77  10:52  Photon Cannon  
  77  10:54  Photon Cannon  
  77  10:55  Pylon  
Show
View Real Time Build Order
Export as new Build Order

Worrick Zerg 

Build Orders: Hatch First 

Get SALT Encoding   

  12  0:00  Drone  
  13  0:24  Drone  
  14  0:51  Hatchery  
  14  0:53  Drone  
  14  1:00  Spawning Pool  
  14  1:02  Extractor, Drone  
  13  1:05  Drone  
  14  1:28  Overlord  
  14  1:48  Drone x3  
  14  1:49  Queen  
  19  2:02  Drone  
  19  2:04  Drone  
  21  2:11  Metabolic Boost  
  21  2:20  Drone x2  
  21  2:22  Queen  
  25  2:40  Extractor  
  24  2:51  Lair, Drone  
  24  2:52  Drone x3  
  24  2:55  Overlord  
  28  2:59  Overlord  
  28  3:20  Drone x2  
  30  3:34  Drone  
  30  3:35  Drone x9  
  30  3:37  Extractor  
  39  3:41  Extractor  
  38  3:54  Spire  
  37  4:03  Drone x4  
  41  4:20  Hatchery  
  40  4:36  Drone x3  
  40  4:37  Drone  
  44  4:40  Overlord  
  44  4:41  Overlord  
  44  5:07  Zerg Flyer Armor Level 1, Mutalisk  
  44  5:08  Mutalisk x5  
  44  5:11  Mutalisk  
  58  5:20  Drone x2  
  60  5:25  Overlord x3  
  60  5:34  Mutalisk  
  60  5:35  Mutalisk  
  64  5:44  Drone x3  
  64  5:45  Extractor  
  64  5:46  Mutalisk, Extractor  
  64  5:48  Mutalisk  
  69  5:55  Drone x3  
  72  6:03  Overlord x2  
  72  6:46  Mutalisk  
  72  6:47  Mutalisk x7  
  86  7:49  Mutalisk  
  86  7:50  Mutalisk x8  
  104  7:57  Zerg Flyer Weapons Level 1  
  104  8:06  Mutalisk  
  106  8:38  Drone  
  106  8:39  Drone x3  
  106  9:16  Overlord x3  
  106  9:39  Mutalisk  
  106  9:40  Mutalisk x11  
  120  10:28  Spire  
  119  10:40  Hatchery  
  119  10:41  Extractor  
  117  10:45  Extractor  
  100  11:12  Mutalisk  
  100  11:13  Mutalisk x5  
Tags
 
Add a new tag
Caveats
  • Supply blocks, unpowered buildings, or Contaminate may cause inaccurate times.
  • Supply counts are checked every 10 seconds.